 Dungeon Crawl Stone Soup version 0.30-a0-748-ge6a52f7cba (webtiles) character file.

Game seed: 11144483241513982212

1293 RapScallion the Covert (level 8, -4/58 HPs)
             Began as a Gnoll Wanderer on Feb 8, 2023.
             Slain by an unseen horror (5 damage)
             ... on level 6 of the Dungeon.
             The game lasted 00:23:42 (5028 turns).

RapScallion the Covert (Gnoll Wanderer)             Turns: 5028, Time: 00:23:43

Health: -4/58      AC: 15    Str: 14    XL:     8   Next: 56%
Magic:  14/14      EV: 12    Int: 12    God:
Gold:   306        SH:  0    Dex: 16    Spells: 15/16 levels left

rFire   . . .      SeeInvis .    h - +2 whip (vamp)
rCold   + . .      Faith    .    (no shield)
rNeg    . . .      Spirit   .    w - +2 ring mail of the Ancient Lovers {Int+3 Dex+2 Slay+3}
rPois   +          Reflect  .    E - +0 helmet
rElec   .          Harm     .    g - +2 cloak
rCorr   .          Rampage  .    c - +1 pair of gloves
Will    .....                    H - +0 pair of boots
Stlth   +++                      (no amulet)
HPRegen 0.29/turn                r - ring of protection from cold
MPRegen 0.14/turn                z - ring of poison resistance

@: hasted and slowed
A: fangs 1, strong nose, distributed training
a: no special abilities


You were on level 6 of the Dungeon.
You visited 1 branch of the dungeon, and saw 6 of its levels.
You also visited: Sewer.

You collected 306 gold pieces.

Inventory:

Hand Weapons
 a - a +2 dagger
 h - a +2 vampiric whip (weapon)
 i - a +1 short sword of venom
 y - a +3 whip
 C - a +4 shortbow of electrocution
Missiles
 n - 3 throwing nets
Armour
 c - a +1 pair of gloves (worn)
 g - a +2 cloak (worn)
 w - the +2 ring mail of the Ancient Lovers (worn) {Int+3 Dex+2 Slay+3}
   (You found it on level 3 of the Dungeon)

   Int:       It affects your intelligence (+3).
   Dex:       It affects your dexterity (+2).
   Slay:      It affects your accuracy & damage with ranged weapons and melee
   (+3).
 E - a +0 helmet (worn)
 G - a scarf of shadows
 H - a +0 pair of boots (worn)
Jewellery
 r - a ring of protection from cold (left hand)
 z - a ring of poison resistance (right hand)
Wands
 s - a wand of flame (19)
Scrolls
 d - 2 scrolls of teleportation
 e - a scroll of poison {unknown}
 f - 2 scrolls of fear {unknown}
 j - a scroll of magic mapping
 p - 3 scrolls of noise
 q - 2 scrolls of fog {unknown}
 v - 2 scrolls of vulnerability
 x - a scroll of amnesia {unknown}
 B - a scroll of summoning
 F - a scroll of enchant armour
 K - a scroll of identify
Potions
 b - a potion of haste
 k - a potion of heal wounds
 l - a potion of berserk rage {unknown}
 m - a potion of lignification {unknown}
 o - 2 potions of might
 t - 2 potions of degeneration
 u - 4 potions of mutation {unknown}
 A - 3 potions of curing {unknown}
 D - a potion of attraction {unknown}
 I - 2 potions of magic {unknown}
 J - a potion of brilliance {unknown}


   Skills:
 + Level 3.5 Fighting
 + Level 3.5 Short Blades
 + Level 3.5 Long Blades
 + Level 3.5 Axes
 + Level 3.5 Maces & Flails
 + Level 3.5 Polearms
 + Level 3.5 Staves
 + Level 3.5 Ranged Weapons
 + Level 3.5 Throwing
 + Level 4.4 Armour
 + Level 4.4 Dodging
 + Level 8.6 Stealth
 + Level 3.5 Shields
 + Level 3.5 Unarmed Combat
 + Level 4.5 Spellcasting
 + Level 2.9 Conjurations
 + Level 2.9 Hexes
 + Level 2.9 Summonings
 + Level 2.9 Necromancy
 + Level 2.9 Translocations
 + Level 2.9 Transmutations
 + Level 6.2 Fire Magic
 + Level 2.9 Ice Magic
 + Level 2.9 Air Magic
 + Level 2.9 Earth Magic
 + Level 2.9 Poison Magic
 + Level 3.9 Invocations
 + Level 3.5 Evocations


You had 15 spell levels left.
You knew the following spells:

 Your Spells              Type           Power      Damage    Failure   Level
a - Foxfire               Conj/Fire      52%        2x1d6     6%          1

Your spell library contained the following spells:

 Spells                   Type           Power      Damage    Failure   Level
 Ignite Poison            Fire/Tmut/Pois 12%        N/A       24%         3


Dungeon Overview and Level Annotations

Branches:
Dungeon (6/15)              Sewer (visited)
 Temple: D:4-7

Altars:

Shops:
D:1 =


Innate Abilities, Weirdness & Mutations

You have very sharp teeth.
Your uncanny sense of smell can sniff out nearby items.
Your experience applies equally to all skills.


Message History

You hit the shadow.
The shadow is almost destroyed.
Something hits you but does no damage. The wraith barely misses you.
The shadow slips into darkness.
The shadow flickers and vanishes!
You hit something but do no damage. Something completely misses you.
Something barely misses you. Something hits you.
* * * LOW HITPOINT WARNING * * *
The wraith hits you.
* * * LOW HITPOINT WARNING * * *
The wraith drains your vigour!
You feel yourself slow down.
The shadow strikes at you from the darkness!
* * * LOW HITPOINT WARNING * * *
Reactivating autopickup.
You hit the shadow.
You destroy the shadow!
Something hits you but does no damage.
Deactivating autopickup; reactivate with Ctrl-A.
The wraith misses you.
Okay, then.
You feel much better.
Something hits you but does no damage. x2
The wraith hits you. The wraith drains your vigour!
You feel as though you will be slow longer.
Okay, then.
You feel yourself speed up.
Something hits you but does no damage. x2
The wraith hits you! The wraith misses you.
You closely miss something. Something hits you. The wraith barely misses you.
You hit something.
You feel better. Something hits you! x2
The wraith hits you!
* * * LOW HITPOINT WARNING * * *
The wraith drains your vigour!
You feel as though you will be slow longer.
You hit something but do no damage. Something hits you but does no damage.
The wraith hits you!
* * * LOW HITPOINT WARNING * * *
The wraith drains your vigour!
You feel as though you will be slow longer.
You closely miss something. Your bite misses something.
Something hits you but does no damage. Something hits you.
You die...

.....#......#
.†......#...###
.......##.....###
#.[#######.##...#
..## ######.# .##
#.# ## #.# ##
#.###∆ . #.@{#
.## ###W# #W.
#.##.# #...#
#.##.# ###∆##∆


You could see a wraith.

Vanquished Creatures
  A shadow (D:6)
  A sky beast (D:6)
  A black bear (D:4)
  An ogre (D:4)
  A centaur (D:6)
  A phantom (D:4)
  A kobold brigand (Sewer)
  2 scorpions (D:5)
  3 hounds (D:5)
  Natasha (thrice) (D:2)
  8 gnolls (D:2)
  9 adders
  5 river rats
  3 white imps
  A dart slug (D:2)
  12 orcs
  An endoplasm (D:2)
  2 giant cockroaches
  3 goblins
  5 hobgoblins
  8 jackals
  5 kobolds
  6 quokkas
  11 ball pythons
  A bat (D:1)
  9 frilled lizards
  6 rats
110 creatures vanquished.

Vanquished Creatures (collateral kills)
  An ogre (D:6)
  A foxfire (Sewer)
2 creatures vanquished.

Vanquished Creatures (others)
  11 foxfires (Sewer)
  12 plants
23 creatures vanquished.

Grand Total: 135 creatures vanquished

Notes
Turn   | Place    | Note
-------+----------+-------------------------------------------
     0 | D:1      | RapScallion the Gnoll Wanderer began the quest for the Orb.
     0 | D:1      | RapScallion set off with the following items: a +2 dagger,
                  | a potion of haste, a +0 pair of gloves, a scroll of
                  | teleportation, a +0 leather armour; and the following spell
                  | memorised: Foxfire; and the following spells available to
                  | memorise: Ignite Poison.
     0 | D:1      | Reached XP level 1. HP: 13/13 MP: 4/4
    86 | D:1      | Found a faded altar of an unknown god.
   175 | D:1      | Reached XP level 2. HP: 19/19 MP: 5/5
   273 | D:1      | Found Ruwapp's Jewellery Boutique.
   718 | D:1      | Reached XP level 3. HP: 25/25 MP: 7/7
   883 | D:2      | Noticed Natasha
   898 | D:2      | Killed Natasha
   899 | D:2      | Reached skill level 1 in Fighting
   899 | D:2      | Reached skill level 1 in Short Blades
   899 | D:2      | Reached skill level 1 in Long Blades
   899 | D:2      | Reached skill level 1 in Axes
   899 | D:2      | Reached skill level 1 in Maces & Flails
   899 | D:2      | Reached skill level 1 in Polearms
   899 | D:2      | Reached skill level 1 in Staves
   899 | D:2      | Reached skill level 1 in Ranged Weapons
   899 | D:2      | Reached skill level 1 in Throwing
   899 | D:2      | Reached skill level 1 in Shields
   899 | D:2      | Reached skill level 1 in Unarmed Combat
   899 | D:2      | Reached skill level 1 in Invocations
   899 | D:2      | Reached skill level 1 in Evocations
   928 | D:2      | Reached XP level 4. HP: 32/32 MP: 8/8
   933 | D:2      | Reached skill level 1 in Conjurations
   933 | D:2      | Reached skill level 1 in Hexes
   933 | D:2      | Reached skill level 1 in Summonings
   933 | D:2      | Reached skill level 1 in Necromancy
   933 | D:2      | Reached skill level 1 in Translocations
   933 | D:2      | Reached skill level 1 in Transmutations
   933 | D:2      | Reached skill level 1 in Ice Magic
   933 | D:2      | Reached skill level 1 in Air Magic
   933 | D:2      | Reached skill level 1 in Earth Magic
   933 | D:2      | Reached skill level 1 in Poison Magic
   978 | D:2      | Noticed Natasha
  1006 | D:2      | Killed Natasha
  1013 | D:2      | Reached XP level 5. HP: 26/37 MP: 9/9
  1086 | D:2      | Noticed Natasha
  1394 | D:2      | Killed Natasha
  1564 | D:2      | Reached skill level 8 in Stealth
  1910 | D:3      | Identified the +2 ring mail of the Ancient Lovers {Int+3
                  | Dex+2 Slay+3}
  2222 | D:3      | Reached XP level 6. HP: 44/44 MP: 11/11
  2945 | D:4      | Noticed a black bear
  2953 | D:4      | Killed a black bear
  3134 | D:4      | Reached XP level 7. HP: 50/50 MP: 12/12
  3564 | D:5      | Entered Level 5 of the Dungeon
  3656 | D:5      | Found a glowing drain.
  3684 | Sewer    | Entered a sewer
  4430 | D:5      | Identified a scroll of acquirement
  4430 | D:5      | Acquired a +4 shortbow of electrocution
  4501 | D:5      | Reached XP level 8. HP: 58/58 MP: 14/14
  4998 | D:6      | Noticed a shadow
  4999 | D:6      | Noticed a wraith
  5021 | D:6      | HP: 2/58 [something (11)]
  5022 | D:6      | Killed a shadow
  5027 | D:6      | HP: 1/58 [wraith (11)]
  5028 | D:6      | Slain by an unseen horror

Illustrated notes

Levels and vault maps discovered:
D:1:      dpeg_arrival_brainrot, layout_loops_ring,
          chequers_ecumenical_altar_simple, serial_shops,
          nicolae_shop_hallway_plus
D:2:      layout_rooms, uniq_natasha
D:3:      layout_basic, minmay_door_square
D:4:      layout_loops_corners, hangedman_decor_points
D:5:      layout_loops_ring, portal_sewer_entry_a
D:6:      minmay_cornered_nines, layout_cave_pools, grunt_temple_overflow_open,
          nicolae_hepliaklqana_hazy_memory, minmay_temple_entry_nine_rooms,
          kennysheep_boxes

Skill      XL: |  1  2  3  4  5  6  7 |
---------------+----------------------+-----
Fighting       | 1 2 3 |  3.5
Short Blades   | 1 2 3 |  3.5
Long Blades    | 1 2 3 |  3.5
Axes           | 1 2 3 |  3.5
Maces & Flails | 1 2 3 |  3.5
Polearms       | 1 2 3 |  3.5
Staves         | 1 2 3 |  3.5
Ranged Weapons | 1 2 3 |  3.5
Throwing       | 1 2 3 |  3.5
Shields        | 1 2 3 |  3.5
Unarmed Combat | 1 2 3 |  3.5
Invocations    | 1 2 3 |  3.9
Evocations     | 1 2 3 |  3.5
Spellcasting   | 3 4 |  4.5
Conjurations   | 1 2 |  2.9
Hexes          | 1 2 |  2.9
Summonings     | 1 2 |  2.9
Necromancy     | 1 2 |  2.9
Translocations | 1 2 |  2.9
Transmutations | 1 2 |  2.9
Ice Magic      | 1 2 |  2.9
Air Magic      | 1 2 |  2.9
Earth Magic    | 1 2 |  2.9
Poison Magic   | 1 2 |  2.9
Armour         | 3 4 |  4.4
Dodging        | 3 4 |  4.4
Stealth        | 8 |  8.6
Fire Magic     | 6 |  6.2

Action                     |  1- 3 |  4- 6 |  7- 9 || total
---------------------------+-------+-------+-------++-------
  Melee: Dagger            |    31 |       |       ||    31
         Whip              |    28 |   183 |   149 ||   360
         Bite              |     4 |    16 |    18 ||    38
         Punch             |       |     3 |     5 ||     8
   Fire: Shortbow          |       |       |    24 ||    24
   Cast: Foxfire           |       |       |     6 ||     6
    Use: Scroll            |       |     5 |     5 ||    10
         Potion            |       |       |     3 ||     3
   Stab: Sleeping          |    12 |     9 |     2 ||    23
 Armour: Leather armour    |     9 |    24 |       ||    33
         Ring mail         |       |    35 |   119 ||   154
  Dodge: Dodged            |    28 |   107 |   136 ||   271

Table legend: (Time is in decaauts)
 A = Elapsed time spent in this place.
 B = Non-inter-level travel time spent in this place.
 C = Inter-level travel time spent in this place.
 D = Time resting spent in this place.
 E = Time spent auto-exploring this place.
 F = Levels seen in this place.
 G = Mean time per level.
                   A        B        C        D        E       F      G
               +--------+--------+--------+--------+--------+-----+--------+
         Total |   5230 |   5072 |    158 |    249 |   2374 |   7 |  747.1 |
       Dungeon |   4307 |   4149 |    158 |    249 |   1911 |   6 |  717.8 |
         Sewer |    922 |    922 |      0 |      0 |    462 |   1 |  922.0 |
               +--------+--------+--------+--------+--------+-----+--------+

Top non-repeatable levels by time:
   Sewer: 922 daAuts
     D:2: 909 daAuts
     D:3: 896 daAuts
     D:4: 890 daAuts
     D:1: 878 daAuts
     D:5: 646 daAuts
     D:6: 85 daAuts
